 Dungeon Crawl Stone Soup version 0.31.0-9-g3a7656b989 (webtiles) character file.

Game seed: 5313919515925652845

1143 qw the Skirmisher (level 8, -8/40 HPs)
             Began as a Spriggan Hunter on Feb 2, 2024.
             Was an Initiate of Okawaru.
             Mangled by Duvessa
             ... wielding a +0 short sword
              (11 damage)
             ... on level 5 of the Dungeon.
             The game lasted 00:00:19 (3660 turns).

qw the Skirmisher (Spriggan Hunter)                 Turns: 3660, Time: 00:00:20

Health: -8/40      AC:  2    Str:  7    XL:     8   Next: 15%
Magic:  9/9        EV: 23    Int: 11    God:    Okawaru [......]
Gold:   231        SH:  0    Dex: 20    Spells: 7/7 levels left

rFire   . . .        a - +0 shortbow
rCold   . . .        (shield currently unavailable)
rNeg    . . .        c - +0 robe
rPois   .            (helmet restricted)
rElec   .            (no cloak)
rCorr   .            (gloves unavailable)
SInv    +            (boots unavailable)
Will    ++...        (no amulet)
Stlth   ++           e - ring of willpower
HPRegen 0.26/turn    (no ring)
MPRegen 0.11/turn

%: no passive effects
@: very quick
A: very small, no large weapons, unfitting armour, see invisible, speed 3
a: Renounce Religion


You were on level 5 of the Dungeon.
You worshipped Okawaru.
Okawaru was noncommittal.
You visited 2 branches of the dungeon, and saw 6 of its levels.

You collected 231 gold pieces.


Innate Abilities, Weirdness & Mutations

You are very small and have problems with some larger weapons.
You are too small for most types of armour.
You have supernaturally acute eyesight. (SInv)
You cover ground extremely quickly. (Speed+++)


   Skills:
 - Level 3.1 Fighting
 - Level 8.2 Ranged Weapons
 + Level 7.6 Dodging
 - Level 1.5 Stealth


You had 7 spell levels left.
You didn't know any spells.
Your spell library was empty.

Inventory:

Hand Weapons
 a - a +0 shortbow (weapon)
Armour
 c - a +0 robe (worn)
Jewellery
 e - a ring of willpower (left hand)
Potions
 b - a potion of might {unknown}
 f - 2 potions of mutation
 i - 2 potions of curing
 m - 2 potions of enlightenment

Dungeon Overview and Level Annotations

Branches:
Dungeon (5/15)             Temple (1/1) D:5

Altars:
Cheibriados
Dithmenos
Elyvilon
Gozag
Hepliaklqana
Kikubaaqudgha
Nemelex Xobeh
Okawaru
Qazlal
Ru
Trog
Uskayaw
Wu Jian
The Shining One

Shops:
D:4 =

Annotations:
D:5 Dowan, Duvessa


Message History

The orc priest is moderately wounded.
The orc priest completely misses you.
You shoot an arrow. The arrow barely misses the orc priest.
The arrow hits Duvessa.
Duvessa is moderately wounded.
The orc priest hits you with a +0 dagger.
You shoot an arrow.
The arrow hits the orc priest but does no damage.
The orc priest is moderately wounded.
Duvessa closely misses you. The orc priest completely misses you.
Dowan mumbles some strange words.
Dowan blinks!
You shoot an arrow. The arrow barely misses the orc priest.
Duvessa barely misses you. The orc priest barely misses you.
You shoot an arrow. The arrow hits the orc priest!
The orc priest is almost dead.
Duvessa completely misses you.
The orc priest hits you with a +0 dagger.
An orc comes into view. It is wielding a +0 dagger.
You shoot an arrow. The arrow barely misses the orc priest.
The orc shouts!
Duvessa barely misses you.
The orc priest hits you with a +0 dagger.
An orc comes into view. It is wielding a +0 hand axe.
Dowan's feet meld with the ground, briefly.
You shoot an arrow. The orc shouts!
The arrow hits the orc priest but does no damage.
The orc priest is almost dead.
Duvessa hits you with a +0 short sword!
The orc priest calls down the wrath of Beogh upon you.
Beogh smites you!
You shoot an arrow. The arrow hits the orc priest.
You kill the orc priest!
Okawaru accepts your kill. Duvessa hits you with a +0 short sword!
You shoot an arrow. The arrow hits Duvessa.
Duvessa is moderately wounded.
Duvessa hits you with a +0 short sword!
You die...

####.... #.#
...........# ###.# #
#....?.....# #.....
#......o..# ..##.#
#....)o...# .....#
#...e.....# ######
#.........#
#.....)e.!#
#######.....@...#
#..............##
#####...>.........###
.............>........
#####........#########
#........# #........#
##########


You could see Duvessa, Dowan and 2 orcs.

Vanquished Creatures
  Grinder (D:4)
  Prince Ribbit (D:5)
  An ogre (D:5)
  A black bear (D:4)
  A gnoll sergeant (D:5)
  A scorpion (D:4)
  An orc priest (D:5)
  2 hounds (D:5)
  Jessica (D:3)
  3 iguanas (D:4)
  2 orc wizards (D:4)
  7 gnolls
  8 adders
  A white imp (D:5)
  3 dart slugs
  2 ribbon worms (D:4)
  10 orcs
  9 bats
  4 endoplasms
  2 giant cockroaches
  6 goblins
  7 hobgoblins
  2 quokkas
  6 ball pythons
  9 kobolds
  8 rats
99 creatures vanquished.

Notes
Turn   | Place    | Note
-------+----------+-------------------------------------------
     0 | D:1      | qw the Spriggan Hunter began the quest for the Orb.
     0 | D:1      | Reached XP level 1. HP: 10/10 MP: 2/2
     0 | D:1      | 0 ||| qw: Version: 0.3-a-155-g5e7d8dd
     0 | D:1      | 0 ||| qw: Game counter: 1610
     0 | D:1      | 0 ||| qw: Melee chars always use a shield: true
     0 | D:1      | 0 ||| qw: God list: Okawaru
     0 | D:1      | 0 ||| qw: Allow faded altars: false
     0 | D:1      | 0 ||| qw: Do Orc after clearing Dungeon:15 true
     0 | D:1      | 0 ||| qw: Do second Lair branch before Depths: true
     0 | D:1      | 0 ||| qw: Lair rune preference: random
     0 | D:1      | 0 ||| qw: Goals: Normal
     0 | D:1      | 0 ||| PLANNING D:1-11
    63 | D:1      | Reached skill level 3 in Dodging
   172 | D:1      | Reached XP level 2. HP: 14/14 MP: 3/3
   794 | D:1      | Reached XP level 3. HP: 18/18 MP: 4/4
   892 | D:1      | 892 ||| UPGRADING to ring of willpower.
   893 | D:1      | 893 ||| DRINKING 2 clear potions.
   893 | D:1      | Gained mutation: You are dopey. (Int -2) [potion of
                  | mutation]
   893 | D:1      | Lost mutation: You are dopey. (Int -2) [potion of mutation]
   894 | D:1      | 894 ||| DRINKING 2 green potions.
   895 | D:1      | 895 ||| DROPPING scroll of butterflies.
  1172 | D:2      | Reached skill level 5 in Ranged Weapons
  1193 | D:2      | Reached XP level 4. HP: 22/22 MP: 5/5
  1434 | D:2      | 1434 ||| READING scroll labelled NEABBO BEMISECK.
  1435 | D:2      | 1435 ||| DRINKING 2 lumpy brown potions.
  1436 | D:2      | 1436 ||| FLEEEEING.
  1437 | D:2      | 1437 ||| FLEEEEING.
  1438 | D:2      | 1438 ||| FLEEEEING.
  1439 | D:2      | 1439 ||| FLEEEEING.
  1440 | D:2      | 1440 ||| FLEEEEING.
  1441 | D:2      | 1441 ||| FLEEEEING.
  1442 | D:2      | 1442 ||| FLEEEEING.
  1443 | D:2      | 1443 ||| FLEEEEING.
  1444 | D:2      | 1444 ||| FLEEEEING.
  1445 | D:2      | 1445 ||| FLEEEEING.
  1446 | D:2      | 1446 ||| FLEEEEING.
  1447 | D:2      | 1447 ||| FLEEEEING.
  1448 | D:2      | 1448 ||| FLEEEEING.
  1449 | D:2      | 1449 ||| FLEEEEING.
  1450 | D:2      | 1450 ||| FLEEEEING.
  1451 | D:2      | 1451 ||| FLEEEEING.
  1452 | D:2      | 1452 ||| FLEEEEING.
  1453 | D:2      | 1453 ||| FLEEEEING.
  1454 | D:2      | 1454 ||| FLEEEEING.
  1455 | D:2      | 1455 ||| FLEEEEING.
  1456 | D:2      | 1456 ||| FLEEEEING.
  1457 | D:2      | 1457 ||| FLEEEEING.
  1458 | D:2      | 1458 ||| FLEEEEING.
  1459 | D:2      | 1459 ||| FLEEEEING.
  1460 | D:2      | 1460 ||| FLEEEEING.
  1461 | D:2      | 1461 ||| FLEEEEING.
  1462 | D:2      | 1462 ||| FLEEEEING.
  1463 | D:2      | 1463 ||| FLEEEEING.
  1464 | D:2      | 1464 ||| FLEEEEING.
  1465 | D:2      | 1465 ||| DROPPING potion of berserk rage.
  1503 | D:3      | Noticed Jessica
  1506 | D:3      | Killed Jessica
  1708 | D:3      | Found an ancient bone altar of Kikubaaqudgha.
  2044 | D:3      | Reached XP level 5. HP: 19/26 MP: 6/6
  2236 | D:3      | 2236 ||| READING 2 scrolls labelled MIFFOY PULE.
  2236 | D:3      | 2236 ||| IDENTIFYING amethyst potion
  2237 | D:3      | 2237 ||| READING scroll of identify.
  2237 | D:3      | 2237 ||| IDENTIFYING cyan potion
  2238 | D:3      | 2238 ||| READING scroll labelled XADEUM NEYLOMM.
  2239 | D:3      | 2239 ||| READING scroll labelled HIAROY BAWUSU.
  2244 | D:3      | 2244 ||| DRINKING 2 bubbling sapphire potions.
  2295 | D:3      | 2295 ||| DROPPING potion of ambrosia.
  2296 | D:3      | 2296 ||| DROPPING potion of lignification.
  2329 | D:4      | Noticed a black bear
  2330 | D:4      | 2330 ||| DRINKING potion of haste.
  2335 | D:4      | Killed a black bear
  2336 | D:4      | Reached skill level 6 in Ranged Weapons
  2343 | D:4      | Reached XP level 6. HP: 19/30 MP: 7/7
  2343 | D:4      | 2343 ||| FLEEEEING.
  2344 | D:4      | 2344 ||| FLEEEEING.
  2345 | D:4      | 2345 ||| FLEEEEING.
  2346 | D:4      | 2346 ||| STAIRDANCE
  2420 | D:4      | Found Rixtumen's Jewellery Boutique.
  2430 | D:4      | 2430 ||| SHOPLISTING amulet of faith (480 gold, have 134).
  2430 | D:4      | 2430 ||| SHOPLISTING amulet of regeneration (360 gold, have
                  | 134).
  2430 | D:4      | 2430 ||| SHOPLISTING amulet of the acrobat (360 gold, have
                  | 134).
  2430 | D:4      | 2430 ||| SHOPLISTING ring of poison resistance (240 gold,
                  | have 134).
  2430 | D:4      | 2430 ||| SHOPLISTING ring of positive energy (240 gold,
                  | have 134).
  2430 | D:4      | 2430 ||| SHOPLISTING ring of protection from fire (300
                  | gold, have 134).
  2450 | D:4      | Reached skill level 6 in Dodging
  2608 | D:4      | Noticed Grinder
  2620 | D:4      | Killed Grinder
  2621 | D:4      | Reached skill level 7 in Ranged Weapons
  2621 | D:4      | Reached XP level 7. HP: 35/35 MP: 8/8
  2672 | D:4      | Identified the +0 dagger "Gyshroleef" {freeze, rF+ Will+}
  2738 | D:4      | Found a white marble altar of Elyvilon.
  2807 | D:4      | HP: 6/35 [orc/+0 dagger (4)]
  2808 | D:4      | 2808 ||| READING scroll of teleportation.
  3001 | D:4      | 3001 ||| READING 2 scrolls of identify.
  3001 | D:4      | 3001 ||| IDENTIFYING inky potion
  3002 | D:4      | 3002 ||| READING scroll of identify.
  3002 | D:4      | 3002 ||| IDENTIFYING coppery potion
  3003 | D:4      | 3003 ||| READING scroll labelled UDUGEI YWUKI.
  3004 | D:4      | 3004 ||| DROPPING potion of degeneration.
  3030 | D:5      | Entered Level 5 of the Dungeon
  3030 | D:5      | Noticed Prince Ribbit
  3031 | D:5      | 3031 ||| RETREEEEATING.
  3032 | D:5      | 3032 ||| RETREEEEATING.
  3033 | D:5      | 3033 ||| RETREEEEATING.
  3034 | D:5      | 3034 ||| RETREEEEATING.
  3035 | D:5      | 3035 ||| RETREEEEATING.
  3058 | D:5      | 3058 ||| FLEEEEING.
  3059 | D:5      | 3059 ||| FLEEEEING.
  3060 | D:5      | 3060 ||| FLEEEEING.
  3061 | D:5      | 3061 ||| FLEEEEING.
  3062 | D:5      | 3062 ||| STAIRDANCE
  3144 | D:5      | 3144 ||| STAIRDANCE
  3184 | D:5      | HP: 4/35 [Prince Ribbit (15)]
  3185 | D:5      | Killed Prince Ribbit
  3186 | D:5      | Reached skill level 8 in Ranged Weapons
  3374 | D:5      | Found a staircase to the Ecumenical Temple.
  3375 | D:5      | 3375 ||| PLANNING TEMPLE
  3383 | Temple   | Entered the Ecumenical Temple
  3384 | Temple   | 3384 ||| PLANNING OKAWARU WORSHIP
  3386 | Temple   | Became a worshipper of Warmaster Okawaru
  3387 | Temple   | 3387 ||| PLANNING D:1-11
  3458 | D:5      | 3458 ||| RETREEEEATING.
  3465 | D:5      | Reached skill level 3 in Fighting
  3465 | D:5      | Reached XP level 8. HP: 29/40 MP: 9/9
  3465 | D:5      | 3465 ||| FLEEEEING.
  3466 | D:5      | 3466 ||| FLEEEEING.
  3647 | D:5      | Noticed Duvessa
  3651 | D:5      | Noticed Dowan
  3659 | D:5      | HP: 2/40 [Duvessa/+0 short sword (12)]
  3660 | D:5      | Mangled by Duvessa

Levels and vault maps discovered:
D:1:      beargit_arrival_diablo_church, layout_basic, patterned_corridor
D:2:      layout_rooms, minmay_hedge_maze
D:3:      layout_loops_ring, overflow_temple_1_default, uniq_jessica
D:4:      layout_rooms, nicolae_elyvilon_peaceful_grove, serial_shops,
          nicolae_shop_tiny_waterfront, uniq_grinder
D:5:      layout_rooms, mainiacjoe_overflow_surrounded_room,
          minmay_temple_entry_junction, uniq_duvessa, uniq_prince_ribbit1
Temple:   nicolae_temple_hex_pool

Skill      XL: |  1  2  3  4  5  6  7 |
---------------+----------------------+-----
Dodging        | 3 4 5 6 7 |  7.6
Ranged Weapons | 5 6 7 8 |  8.2
Fighting       | 2 3 |  3.1
Stealth        | |  1.5

Action                     |  1- 3 |  4- 6 |  7- 9 || total
---------------------------+-------+-------+-------++-------
  Melee: Shortbow          |       |     6 |       ||     6
   Fire: Shortbow          |    88 |   186 |   170 ||   444
    Use: Potion            |     2 |     3 |       ||     5
         Scroll            |       |     5 |     4 ||     9
 Armour: Robe              |     6 |    16 |    38 ||    60
  Dodge: Dodged            |    31 |    51 |   118 ||   200

Table legend:
 A = Non-vault XP
 B = Vault XP
 C = Vault XP percentage of total XP
 D = Non-vault monster count
 E = Vault monster count
 F = Vault count percentage of total count
                 A         B        C        D         E       F
            +---------+---------+-------+---------+---------+-------
      Total |    1093 |     541 |  33.1 |      96 |       3 |   3.0
            +---------+---------+-------+---------+---------+-------
        D:1 |      41 |       0 |   0.0 |      14 |       0 |   0.0
        D:2 |      74 |       0 |   0.0 |      17 |       0 |   0.0
        D:3 |      70 |      37 |  34.6 |      23 |       1 |   4.2
        D:4 |     486 |     258 |  34.7 |      29 |       1 |   3.3
        D:5 |     422 |     246 |  36.8 |      13 |       1 |   7.1
            +---------+---------+-------+---------+---------+-------
